 Dungeon Crawl Stone Soup version 0.22-a0-93-g6b88ebb (webtiles) character file.

8 mortelune the Digger (level 2, 0/22 HPs)
             Began as a Deep Dwarf Earth Elementalist on Jan 5, 2018.
             Slain by a leopard gecko (2 damage)
             ... on level 1 of the Dungeon on Jan 24, 2018.
             The game lasted 00:01:59 (559 turns).

mortelune the Digger (Deep Dwarf Earth Elementalist) Turns: 559, Time: 00:02:00

Health: 0/22       AC:  2    Str: 11    XL:     2   Next: 0%
Magic:  4/4        EV: 13    Int: 15    God:
Gold:   82         SH:  0    Dex: 13    Spells: 3/4 levels left

rFire    . . .     SeeInvis .   (no weapon)
rCold    . . .     Gourm    .   (no shield)
rNeg     . . .     Faith    .   c - +0 robe
rPois    .         Spirit   .   (no helmet)
rElec    .         Reflect  .   (no cloak)
rCorr    .         Harm     .   (no gloves)
MR       .....                  (no boots)
Stlth    ++........             (no amulet)
HPRegen  0.00/turn              (no ring)
MPRegen  0.09/turn              (no ring)

@: non-regenerating
A: damage resistance, heal wounds, sense surroundings 1, no regeneration
a: Heal Wounds


You were on level 1 of the Dungeon.
You were not hungry.

You visited 1 branch of the dungeon, and saw 1 of its levels.

You collected 82 gold pieces.

Inventory:

Missiles
 b - 50 stones (quivered)
Armour
 c - a +0 robe (worn)
Scrolls
 a - a scroll of remove curse {unknown}
 f - a scroll of identify {unknown}
 i - a scroll of fog {unknown}
 j - a scroll of noise {unknown}
Potions
 h - a potion of mutation {unknown}
 k - 2 potions of agility {unknown}
Books
 e - a book of Geomancy

   Spells                             Type                      Level
   a - Sandblast                      Earth                        1
   b - Passwall                       Transmutation/Earth          2
   c - Stone Arrow                    Conjuration/Earth            3
   d - Petrify                        Transmutation/Earth          4
   e - Lee's Rapid Deconstruction     Earth                        5
Comestibles
 d - 2 rations


   Skills:
 + Level 2.4 Dodging
 + Level 2.7 Stealth
 + Level 1.9 Spellcasting
   Level 0.8 Transmutations
 + Level 4.2 Earth Magic


You had 3 spell levels left.
You knew the following spells:

 Your Spells              Type           Power        Failure   Level  Hunger
a - Sandblast             Erth           ##....       4%          1    ##.....


Dungeon Overview and Level Annotations

Branches:
Dungeon (1/15)

Altars:


Innate Abilities, Weirdness & Mutations

You are resistant to damage.
You can heal yourself by infusing magical energy.
You passively map a small area around you.
You do not regenerate.


Message History

The hobgoblin closely misses you.
You hit the hobgoblin but do no damage.
The hobgoblin is severely wounded.
The hobgoblin barely misses you.
You barely miss the hobgoblin.
The hobgoblin is severely wounded.
The hobgoblin closely misses you.
You hit the hobgoblin but do no damage.
The hobgoblin is severely wounded.
The hobgoblin barely misses you.
You hit the hobgoblin.
You kill the hobgoblin!
You have reached level 2!
A leopard gecko comes into view.
A leopard gecko is nearby!
You are too injured to fight recklessly!
Found 22 stones.
The leopard gecko hisses angrily.
The leopard gecko bites you.
You die...

.......................*
#.# #.'.
......###..............
### #.'.
..........#............
###8
##+#......#.###+#######
## ##.#......##......# #
##.#......##......#
...##+######......#
.......# #....l.#
...##..# #....@.#
...##..# #......#
...##..# #......#
.......# #......#
................###
#..##.#.........#
##.##.#........(#
#..#.#.........
#..#.#.......


You could see a leopard gecko.

Vanquished Creatures
  A giant cockroach (D:1)
  A goblin (D:1)
  2 hobgoblins (D:1)
  2 bats (D:1)
  A frilled lizard (D:1)
  A rat (D:1)
8 creatures vanquished.

Notes
Turn   | Place    | Note
-------+----------+-------------------------------------------
     0 | D:1      | mortelune the Deep Dwarf Earth Elementalist began the quest for the Orb.
     0 | D:1      | Reached XP level 1. HP: 15/15 MP: 3/3
     4 | D:1      | Upgraded the game from 0.22-a0-42-g002c468 to 0.22-a0-63-geddfa9b
     4 | D:1      | Upgraded the game from 0.22-a0-63-geddfa9b to 0.22-a0-93-g6b88ebb
   550 | D:1      | Reached XP level 2. HP: 2/22 MP: 4/4
   559 | D:1      | Slain by a leopard gecko

Vault maps used:
D:1:      kennysheep_arrival_forest

Action                   || total
-------------------------++-------
Melee: Unarmed           ||    91
 Stab: Sleeping          ||     1
Armor: Robe              ||    21
Dodge: Dodged            ||    58

Table legend:
 A = Spawn XP
 B = Non-spawn XP
 C = Spawn XP percentage of total XP
 D = Spawn monster count
 E = Non-spawn monster count
 F = Spawn count percentage of total count
 G = Total turns spent on level
                    A         B        C        D         E        F      G
               +---------+---------+-------+---------+---------+-------+---------
         Total |       0 |      12 |   0.0 |       0 |       8 |   0.0 |   559
               +---------+---------+-------+---------+---------+-------+---------
           D:1 |       0 |      12 |   0.0 |       0 |       8 |   0.0 |   559
               +---------+---------+-------+---------+---------+-------+---------
